 Dungeon Crawl Stone Soup version 0.29.1-15-g9cfb28693d (webtiles) character file.

Game seed: 6578616088133154126

21 Heoruswealwe the Digger (level 2, -1/15 HPs)
             Began as a Deep Elf Earth Elementalist on Apr 19, 2023.
             Slain by a gnoll
             ... wielding a +0 spear
              (5 damage)
             ... on level 1 of the Dungeon.
             The game lasted 00:08:50 (790 turns).

Heoruswealwe the Digger (DEEE)                       Turns: 790, Time: 00:08:51

Health: -1/15      AC:  2    Str:  5    XL:     2   Next: 62%
Magic:  5/8        EV: 12    Int: 19    God:
Gold:   0          SH:  0    Dex: 15    Spells: 5/8 levels left

rFire   . . .      SeeInvis .   (no weapon)
rCold   . . .      Faith    .   (no shield)
rNeg    . . .      Spirit   .   a - +0 robe
rPois   .          Reflect  .   (no helmet)
rElec   .          Harm     .   (no cloak)
rCorr   .          Rampage  .   (no gloves)
Will    .....                   (no boots)
Stlth   ++........              (no amulet)
HPRegen 0.05/turn               (no ring)
MPRegen 0.11/turn               (no ring)

@: no status effects
A: no striking features
a: no special abilities


You were on level 1 of the Dungeon.
You visited 1 branch of the dungeon, and saw 1 of its levels.

You collected 60 gold pieces.
You spent 60 gold pieces at shops.

Inventory:

Armour
 a - a +0 robe (worn)
Scrolls
 d - a scroll of magic mapping
Potions
 b - a potion of magic
 c - a potion of mutation
 j - a potion of curing


   Skills:
 - Level 2.4 Dodging
 - Level 2.4 Stealth
 + Level 3.8 Spellcasting
 - Level 1.1 Transmutations
 + Level 3.8 Earth Magic


You had 5 spell levels left.
You knew the following spells:

 Your Spells              Type           Power      Damage    Failure   Level
a - Sandblast             Erth           36%        2d10      2%          1
z - Passwall              Tmut/Erth      10%        N/A       8%          2

Your spell library contained the following spells:

 Spells                   Type           Power      Damage    Failure   Level
 Stone Arrow              Conj/Erth      22%        3d8       19%         3
 Petrify                  Tmut/Erth      13%        N/A       45%         4


Dungeon Overview and Level Annotations

Branches:
Dungeon (1/15)

Altars:

Shops:
D:1 *


Message History

Done waiting.
You drop a scroll of noise.
As you read the scroll of identify, it crumbles to dust.
i - a scroll of vulnerability You drop a scroll of vulnerability.
As you read the scroll of identify, it crumbles to dust.
c - a potion of mutation A hobgoblin comes into view.
The blast of sand hits the hobgoblin!
You kill the hobgoblin!
A rat comes into view.
The blast of sand hits the rat!
You kill the rat!
A hobgoblin comes into view.
The hobgoblin shouts!
The blast of sand hits the hobgoblin!
You kill the hobgoblin!
Done exploring.
Done exploring.
Done exploring.
Done exploring.
Done exploring.
Done exploring.
Done exploring.
You see here a scroll of vulnerability.
There is an entrance to Zualeti's General Store here.
Search for what [? for help]? .
A gnoll comes into view. It is wielding a +0 spear.
The gnoll shouts!
The blast of sand hits the gnoll.
The gnoll is moderately wounded.
The blast of sand hits the gnoll!
The gnoll is almost dead.
The gnoll hits you from afar with a +0 spear.
The blast of sand hits the gnoll but does no damage.
The gnoll is almost dead.
The gnoll hits you from afar with a +0 spear!
* * * LOW HITPOINT WARNING * * *
The gnoll hits you from afar with a +0 spear.
You die...

.##.#####.###...##.# #.# .####
#.# ##.###.# #.# .#
#.###......# #.# ##
######..........#####.###
#.......................##
#.#######.......#####..#>#####
#.# ##...g..# #.###....#
####.# ####.### ##.#.###.#
.....# #@# ##.####.# ######
######.# #......# #......#
#####..# #.###### #..# ####.#
#..# #....# #..# #'##.# #..#
###.##.# ##.## #.~.♣#.# ##.).#


You could see a gnoll.

Vanquished Creatures
  An endoplasm (D:1)
  A giant cockroach (D:1)
  2 goblins (D:1)
  3 hobgoblins (D:1)
  3 jackals (D:1)
  A quokka (D:1)
  2 bats (D:1)
  2 frilled lizards (D:1)
  A kobold (D:1)
  2 rats (D:1)
18 creatures vanquished.

Vanquished Creatures (others)
  3 plants (D:1)
3 creatures vanquished.

Grand Total: 21 creatures vanquished

Notes
Turn   | Place    | Note
-------+----------+-------------------------------------------
     0 | D:1      | Heoruswealwe the Deep Elf Earth Elementalist began the
                  | quest for the Orb.
     0 | D:1      | Reached XP level 1. HP: 10/10 MP: 6/6
   254 | D:1      | Reached XP level 2. HP: 15/15 MP: 3/8
   257 | D:1      | Learned a level 2 spell: Passwall
   502 | D:1      | Found Zualeti's General Store.
   510 | D:1      | Bought a potion of curing for 36 gold pieces
   510 | D:1      | Bought a scroll of identify for 24 gold pieces
   790 | D:1      | Slain by a gnoll

Illustrated notes

Levels and vault maps discovered:
D:1:      tarquinn_simple_flora_water_e, layout_loops_ring, serial_shops, shop

Action                   || total
-------------------------++-------
Melee: Unarmed           ||    17
 Cast: Sandblast         ||    24
  Use: Scroll            ||     7
Dodge: Dodged            ||     3
